 Dungeon Crawl Stone Soup version 0.30-a0-964-gd452b5e7fa (webtiles) character file.

Game seed: 2463239127283388703

400 Dirtsage the Chopper (level 6, 10/70 HPs)
             Began as a Demonspawn Berserker on Mar 30, 2023.
             Was a Believer of Trog.
             Quit the game on level 4 of the Dungeon.
             The game lasted 00:05:40 (3335 turns).

Dirtsage the Chopper (Demonspawn Berserker)         Turns: 3335, Time: 00:05:41

Health: 10/70      AC: 17    Str: 20    XL:     6   Next: 54%
Magic:  6/6        EV:  8    Int:  8    God:    Trog [**....]
Gold:   155        SH:  0    Dex: 12    Spells: 5/5 levels left

rFire   . . .      SeeInvis .    a - +0 hand axe
rCold   . . .      Faith    .    (no shield)
rNeg    . . .      Spirit   .    u - +2 chain mail {rPois}
rPois   +          Reflect  .    k - +2 helmet
rElec   .          Rampage  .    c - +0 cloak
rCorr   .                        o - +0 pair of gloves
Will    .....                    (no boots) Stlth
                                 (no amulet)
HPRegen 0.31/turn                (no ring)
MPRegen 0.10/turn                (no ring)

@: berserking (expiring), very quick
A: thin metallic scales 1, demonic guardian 2, demonic magic 1
a: Renounce Religion, Berserk, Trog's Hand


You were on level 4 of the Dungeon.
You worshipped Trog.
Trog was pleased with you.
You visited 1 branch of the dungeon, and saw 4 of its levels.

You collected 155 gold pieces.

Inventory:

Hand Weapons
 a - a +0 hand axe (weapon)
Armour
 b - a +0 animal skin
 c - a +0 cloak (worn)
 k - a +2 helmet (worn)
 o - a +0 pair of gloves (worn)
 u - a +2 chain mail of poison resistance (worn)
Jewellery
 n - the ring "Sohuus" {Fire Int+5}
   (You found it on level 4 of the Dungeon)

   [ring of fire]

   It enhances your fire magic.
   Int:       It affects your intelligence (+5).
   rF:        It protects you from fire.
   rC:        It makes you vulnerable to cold.
 r - a ring of fire
 s - an amulet of faith
Scrolls
 d - 2 scrolls of teleportation {unknown}
 e - 2 scrolls of noise {unknown}
 f - 2 scrolls of identify {unknown}
 g - a scroll of butterflies {unknown}
 m - a scroll of brand weapon {unknown}
 q - a scroll of enchant weapon {unknown}
Potions
 h - a potion of brilliance {unknown}
 i - a potion of heal wounds {unknown}
 j - a potion of curing {unknown}
 l - a potion of flight {unknown}
 p - a potion of mutation {unknown}
 t - a potion of haste {unknown}


   Skills:
 - Level 3.0 Fighting
 + Level 6.8 Axes
 - Level 1.7 Armour
 - Level 1.7 Dodging


You had 5 spell levels left.
You didn't know any spells.
Your spell library was empty.

Dungeon Overview and Level Annotations

Branches:
Dungeon (4/15)
 Temple: D:4-7

Altars:
Ashenzari
Xom


Innate Abilities, Weirdness & Mutations

You are partially covered in thin metallic scales. (AC +2)
A demonic guardian rushes to your aid.
Spells you cast may paralyse adjacent enemies.


Message History

You feel yourself moving faster!
You feel mighty!
You now have 45/61 hp.
You feel a strong urge to attack something.
There is an open door here.
You closely miss Grinder.
Grinder drinks a potion.
Grinder seems to grow stronger.
You barely miss Grinder. Grinder hits you.
You writhe in agony.
You take 8 damage, and have 37/61 hp.
You closely miss Grinder. You hit Grinder but do no damage. Grinder hits you.
You writhe in agony.
You take 12 damage, and have 26/61 hp.
You slash Grinder!
Grinder is moderately wounded.
Grinder hits you!
* * * LOW HITPOINT WARNING * * *
You writhe in agony.
* * * LOW HITPOINT WARNING * * *
You take 11 damage, and have 15/61 hp.
You slash Grinder!
Grinder is heavily wounded.
You slash Grinder!
Grinder is severely wounded.
Grinder hits you!
* * * LOW HITPOINT WARNING * * *
A demonic guardian appears!
You take 7 damage, and have 8/61 hp.
You completely miss Grinder.
Grinder is severely wounded.
Grinder closely misses you.
You slash Grinder!
Grinder is almost dead.
Your orange demon stings Grinder.
Grinder dies!
Trog accepts your kill.
Your Axes skill increases to level 6!
You have reached level 6!
Your demonic ancestry asserts itself...
A menacing aura infuses your magic.
MP restored: 6 Are you sure you want to abandon this character and quit the game? (Confirm with "yes".)

###...# #...#
..##'#####'## #....
[..........# #...
...........# #...
...........#####..#
....########..##..#
....#.........#.4.#
..[.'...).....#...+
....#...).##..##@##
....#.....##..##..##..#
....#.................#
+####รท............:...#
...##.....##..###.##..#
...##.....##..# .# ..#
...........#... .. .#
...##......#... ... #
...##.....##... ##+#


You could see a friendly orange demon (summoned).

Vanquished Creatures
  Blork the orc (D:4)
  A jelly (D:3)
  An iguana (D:4)
  3 adders
  A worm (D:2)
  3 dart slugs
  3 orcs
  6 endoplasms
  A giant cockroach (D:1)
  5 goblins
  5 hobgoblins
  5 kobolds
  2 quokkas
  5 ball pythons
  2 bats (D:3)
  3 frilled lizards
  2 rats
49 creatures vanquished.

Vanquished Creatures (collateral kills)
  Grinder (D:4)
  A hobgoblin (D:3)
2 creatures vanquished.

Grand Total: 51 creatures vanquished

Notes
Turn   | Place    | Note
-------+----------+-------------------------------------------
     0 | D:1      | Dirtsage the Demonspawn Berserker began the quest for the
                  | Orb.
     0 | D:1      | Reached XP level 1. HP: 18/18 MP: 1/1
   144 | D:1      | Reached skill level 3 in Axes
   336 | D:1      | Gained mutation: You are partially covered in thin metallic
                  | scales. (AC +2) [demonic ancestry]
   336 | D:1      | Reached XP level 2. HP: 23/24 MP: 2/2
  1221 | D:2      | You fall into a shaft and drop 2 floors!
  1254 | D:4      | Noticed Blork the orc
  1265 | D:4      | Killed Blork the orc
  1266 | D:4      | Reached skill level 4 in Axes
  1266 | D:4      | Reached XP level 3. HP: 26/29 MP: 3/3
  1266 | D:4      | Gained mutation: A weak demonic guardian rushes to your
                  | aid. [demonic ancestry]
  1266 | D:4      | Reached XP level 4. HP: 31/35 MP: 4/4
  1417 | D:4      | Found a shimmering altar of Xom.
  1456 | D:4      | Reached skill level 5 in Axes
  1503 | D:4      | Identified the ring "Sohuus" {Fire Int+5}
  1663 | D:3      | Found a broken altar of Ashenzari.
  1738 | D:3      | Gained mutation: A demonic guardian rushes to your aid.
                  | [demonic ancestry]
  1738 | D:3      | Reached XP level 5. HP: 41/41 MP: 5/5
  2096 | D:2      | Found a faded altar of an unknown god.
  2155 | D:2      | Reached ** piety under Trog
  3323 | D:4      | Noticed Grinder
  3334 | D:4      | Killed Grinder
  3335 | D:4      | Reached skill level 6 in Axes
  3335 | D:4      | Gained mutation: Spells you cast may paralyse adjacent
                  | enemies. [demonic ancestry]
  3335 | D:4      | Reached XP level 6. HP: 10/47 MP: 6/6
  3335 | D:4      | Quit the game

Illustrated notes

Levels and vault maps discovered:
D:1:      spicycebolla_green_bress_n_ham_2, layout_basic
D:2:      layout_basic, dreamdust_ecumenical_altar_angels_and_demons
D:3:      layout_basic, mainiacjoe_overflow_tiny_flanked
D:4:      layout_gridville, mainiacjoe_overflow_six_doors_small, nrook_uturn,
          dreamdust_mushroom_princess, uniq_grinder, uniq_blork_the_orc

Skill      XL: |  1  2  3  4  5 |
---------------+----------------+-----
Axes           | 3 4 5 6 |  6.8
Fighting       | |  3.0
Armour         | |  1.7
Dodging        | |  1.7

Action                     |  1- 3 |  4- 6 || total
---------------------------+-------+-------++-------
  Melee: Hand axe          |    47 |   116 ||   163
         Punch             |     1 |     3 ||     4
 Invoke: Berserk           |     1 |     2 ||     3
   Stab: Sleeping          |     1 |       ||     1
 Armour: Animal skin       |    10 |    24 ||    34
         Chain mail        |       |     3 ||     3
  Dodge: Dodged            |    14 |    65 ||    79

Table legend: (Time is in decaauts)
 A = Elapsed time spent in this place.
 B = Non-inter-level travel time spent in this place.
 C = Inter-level travel time spent in this place.
 D = Time resting spent in this place.
 E = Time spent auto-exploring this place.
 F = Levels seen in this place.
 G = Mean time per level.
                   A        B        C        D        E       F      G
               +--------+--------+--------+--------+--------+-----+--------+
         Total |   3358 |   3253 |    105 |    216 |   2646 |   4 |  839.5 |
       Dungeon |   3358 |   3253 |    105 |    216 |   2646 |   4 |  839.5 |
               +--------+--------+--------+--------+--------+-----+--------+

Top non-repeatable levels by time:
     D:1: 1141 daAuts
     D:3: 895 daAuts
     D:4: 727 daAuts
     D:2: 593 daAuts
